 Dungeon Crawl Stone Soup version 0.31-a0-544-gceb718ecc6 (webtiles) character file.

Game seed: 11713104435000897106

1511567 freelancePsychic the Worldbinder (level 26, 167/167 HPs)
             Began as a Gargoyle Summoner on Aug 13, 2023.
             Was the Champion of Ashenzari.
             Escaped with the Orb
             ... and 3 runes on Aug 15, 2023!
             The game lasted 02:56:13 (82310 turns).

freelancePsychic the Worldbinder (GrSu)            Turns: 82310, Time: 02:56:14

Health: 167/167    AC: 35    Str: 16    XL:     26   Next: 87%
Magic:  44/44      EV: 31    Int: 22    God:    Ashenzari [******]
Gold:   3239       SH: 21    Dex: 20    Spells: 13/59 levels left

rFire   + + .        s - staff of the Perceptive Gnosis (curse) {rPois rF+ rC++ Str-2 Dex+8 Fire, Alch, Fort} (curse)
rCold   + + .        j - +5 kite shield of Ashenzari's Comet {rElec Str+2, Fort, Alch} (curse)
rNeg    + . .        m - +3 troll leather armour of Supernal Wisdom {Regen+, Dev, Self} (curse)
rPois   ∞            Z - +1 helmet of the Soothsayer {Comp, Bglg} (curse)
rElec   +            y - +1 cloak "Omen of the Chained God" {Comp, Dev} (curse)
rCorr   .            R - +1 pair of gloves "Circumscribed Gnosis" {Dev, Comp} (curse)
SInv    +            B - +0 pair of boots of Ashenzari's Burden {Bglg, Melee} (curse)
Will    ++...        b - amulet of the Sibylline Moon {RegenMP, Dev, Elem} (curse)
Stlth   ++           F - ring of the Unyielding Gaze {rC+, Fort, Bglg} (curse)
HPRegen 1.27/turn    U - ring "Chained Awkwardness" {rF+ EV+5, Cun, Alch} (curse)
MPRegen 0.69/turn

%: clarity
@: flying, studying 2 skills
A: sickness immunity, AC +20, big wings, negative energy resistance 1,
electricity resistance, torment resistance 1, petrification resistance, talons
1, deformed body, frail 1, strong-willed 1, teleportitis 1, cold vulnerability
1, subdued magic 1, MP-powered wands
0: Orb of Zot
}: 3/15 runes: serpentine, barnacled, silver
a: Renounce Religion, Shatter the Chains


You escaped.
You worshipped Ashenzari.
Ashenzari was exalted by your worship.
You visited 10 branches of the dungeon, and saw 48 of its levels.
You visited the Abyss 1 time.
You also visited: Ossuary, Bailey, Gauntlet, Ice Cave and Wizlab.

You collected 7418 gold pieces.
You spent 4179 gold pieces at shops.

Inventory:

Missiles
 k - 2 throwing nets
Armour
 c - a +1 tower shield of cold resistance
 j - the cursed +5 kite shield of Ashenzari's Comet (worn) {rElec Str+2, Fort, Alch}
   (You acquired it on level 15 of the Dungeon)

   Str+2:     It affects your strength (+2).
   rElec:     It insulates you from electricity.
   It has a curse which improves the following skills: Fortitude: Armour and
   Shields.
   Alchemy:   Poison Magic and Transmutations.
 m - the cursed +3 troll leather armour of Supernal Wisdom (worn) {Regen+, Dev, Self}
   (You found it on level 1 of the Vaults)

   Regen+:    It increases your rate of health regeneration.
   It has a curse which improves the following skills: Devices: Evocations and
   Shapeshifting.
   Introspection: Fighting and Spellcasting.
 y - the cursed +1 cloak "Omen of the Chained God" (worn) {Comp, Dev}
   (You took it off Crazy Yiuf on level 4 of the Dungeon)

   It has a curse which improves the following skills: Companions: Summonings
   and Necromancy.
   Devices:   Evocations and Shapeshifting.
 B - the cursed +0 pair of boots of Ashenzari's Burden (worn) {Bglg, Melee}
   (You found it on level 5 of the Dungeon)

   It has a curse which improves the following skills: Beguiling: Conjurations,
   Hexes and Translocations.
   Melee Combat: Short Blades, Long Blades, Axes, Maces & Flails, Polearms,
   Staves and Unarmed Combat.
 I - the +1 cloak of Starlight {*Dazzle EV+4 Stlth--}
   (You found it in a wizard's laboratory)

   *Dazzle:   It may blind those who miss an attack against the wearer in melee
   combat.
   EV+4:      It affects your evasion (+4).
   Stlth--:   It makes you much less stealthy.
 R - the cursed +1 pair of gloves "Circumscribed Gnosis" (worn) {Dev, Comp}
   (You found it on level 4 of the Lair of Beasts)

   It has a curse which improves the following skills: Devices: Evocations and
   Shapeshifting.
   Companions: Summonings and Necromancy.
 X - the +0 cloak "Ekuad Tiwk" {rC+ Int+3}
   (You bought it in a shop on level 2 of the Orcish Mines)

   Int+3:     It affects your intelligence (+3).
   rC+:       It protects you from cold.
 Z - the cursed +1 helmet of the Soothsayer (worn) {Comp, Bglg}
   (You found it on level 3 of the Lair of Beasts)

   It has a curse which improves the following skills: Companions: Summonings
   and Necromancy.
   Beguiling: Conjurations, Hexes and Translocations.
Magical Staves
 s - the cursed staff of the Perceptive Gnosis (weapon) {rPois rF+ rC++ Str-2 Dex+8 Fire, Alch, Fort}
   (You found it on level 3 of the Elven Halls)

   [staff of fire]

   Base accuracy: +5 Base damage: 5 Base attack delay: 1.2 This weapon's minimum
   attack delay (0.6) is reached at skill level 12.
   Str-2:     It affects your strength (-2).
   Dex+8:     It affects your dexterity (+8).
   rF+:       It protects you from fire.
   rC++:      It greatly protects you from cold.
   rPois:     It protects you from poison Fire: It increases the power of your
   Fire spells.
   It falls into the 'Staves' category.
   It is a one-handed weapon.
   It has a curse which improves the following skills: Alchemy: Poison Magic and
   Transmutations.
   Fortitude: Armour and Shields.
Jewellery
 b - the cursed amulet of the Sibylline Moon (around neck) {RegenMP, Dev, Elem}
   (You bought it in a shop on level 2 of the Orcish Mines)

   [amulet of magic regeneration]

   RegenMP:   It increases your rate of magic regeneration.
   It has a curse which improves the following skills: Devices: Evocations and
   Shapeshifting.
   Elements:  Fire Magic, Ice Magic, Air Magic and Earth Magic.
 F - the cursed ring of the Unyielding Gaze (left hand) {rC+, Fort, Bglg}
   (You found it on level 7 of the Dungeon)

   [ring of protection from cold]

   rC+:       It protects you from cold.
   It has a curse which improves the following skills: Fortitude: Armour and
   Shields.
   Beguiling: Conjurations, Hexes and Translocations.
 U - the cursed ring "Chained Awkwardness" (right hand) {rF+ EV+5, Cun, Alch}
   (You acquired it on level 3 of the Elven Halls)

   [ring of evasion]

   EV+5:      It affects your evasion (+5).
   rF+:       It protects you from fire.
   It has a curse which improves the following skills: Cunning: Dodging and
   Stealth.
   Alchemy:   Poison Magic and Transmutations.
Wands
 r - a wand of mindburst (2)
 u - a wand of flame (10)
 H - a wand of roots (44)
 N - a wand of polymorph (3)
 O - a wand of digging (5)
 S - a wand of paralysis (37)
Scrolls
 d - 7 scrolls of poison
 g - 4 scrolls of enchant armour
 n - 8 scrolls of fear
 o - 3 scrolls of brand weapon
 p - 9 scrolls of enchant weapon
 A - 7 scrolls of immolation
 C - 3 scrolls of torment
 D - 2 scrolls of silence
 L - 4 scrolls of fog
 P - a scroll of blinking
 Q - 3 scrolls of revelation
 T - 9 scrolls of teleportation {@r4}
 W - 7 scrolls of amnesia
Potions
 a - 2 potions of ambrosia
 e - 16 potions of degeneration
 h - 4 potions of invisibility
 i - 9 potions of attraction
 l - 8 potions of haste {@q3}
 q - 13 potions of lignification
 t - 4 potions of berserk rage
 w - 6 potions of enlightenment
 z - a potion of magic
 E - 21 potions of curing {@q1}
 G - 7 potions of might
 J - a potion of resistance
 M - 5 potions of brilliance
 Y - 2 potions of cancellation
Miscellaneous
 K - a phial of floods (inert)


   Skills:
 - Level 22.5(24.6) Fighting
 - Level 9.5(12.0) Staves
 - Level 6.4(11.1) Armour
 - Level 17.7(20.0) Dodging
 - Level 5.3(7.7) Stealth
 - Level 15.3(20.0) Shields
 - Level 15.0(17.3) Spellcasting
 - Level 8.4(13.1) Hexes
 - Level 22.7(27) Summonings
 - Level 7.2(11.9) Necromancy
 - Level 5.7(10.3) Transmutations
 * Level 7.0(9.5) Fire Magic
 - Level 7.3(9.9) Air Magic
 * Level 2.1(6.1) Evocations
 - Level 2.4(6.6) Shapeshifting


You had 13 spell levels left.
You knew the following spells:

 Your Spells              Type           Power      Damage    Failure   Level
a - Summon Lightning Spi  Summ/Air       67%        N/A       0%          4
b - Summon Mana Viper     Hex/Summ       70%        N/A       0%          5
c - Dragon's Call         Summ           41%        N/A       5%          9
d - Anguish               Hex/Necr       27%        N/A       1%          4
e - Yara's Violent Unrav  Hex/Tmut       26%        3d11      1%          5
f - Silence               Hex/Air        26%        N/A       1%          5
h - Haunt                 Necr/Summ      34%        N/A       1%          7
i - Monstrous Menagerie   Summ           41%        N/A       1%          7

Your spell library contained the following spells:

 Spells                   Type           Power      Damage    Failure   Level
 Necrotise                Necr           100%       1d9       0%          1
 Summon Small Mammal      Summ           100%       N/A       0%          1
 Call Imp                 Summ           100%       N/A       0%          2
 Call Canine Familiar     Summ           82%        N/A       0%          3
 Summon Guardian Golem    Hex/Summ       70%        N/A       0%          3
 Kiss of Death            Conj/Necr      100%       2d13      1%          1
 Passwall                 Tmut/Erth      26%        N/A       1%          2
 Static Discharge         Conj/Air       64%        2-5/arc   1%          2
 Ignite Poison            Fire/Tmut/Pois 54%        N/A       1%          3
 Inner Flame              Hex/Fire       68%        N/A       1%          3
 Portal Projectile        Hex/Tloc       76%        N/A       1%          3
 Vampiric Draining        Necr           53%        2d9       1%          3
 Vhi's Electric Charge    Tloc/Air       64%        N/A       1%          3
 Animate Armour           Summ/Erth      100%       N/A       1%          4
 Animate Dead             Necr           53%        N/A       1%          4
 Cause Fear               Hex            28%        N/A       1%          4
 Dispel Undead            Necr           53%        3d19      1%          4
 Fulminant Prism          Conj/Hex       19%        3d11      1%          4
 Summon Ice Beast         Ice/Summ       57%        N/A       1%          4
 Agony                    Necr           53%        N/A       1%          5
 Apportation              Tloc           34%        N/A       2%          1
 Magic Dart               Conj           68%        1d6       2%          1
 Mephitic Cloud           Conj/Pois/Air  27%        N/A       2%          3
 Leda's Liquefaction      Hex/Erth       18%        N/A       2%          4
 Sandblast                Erth           30%        2d9       3%          1
 Blink                    Tloc           34%        N/A       4%          2
 Lesser Beckoning         Tloc           34%        N/A       4%          2
 Momentum Strike          Conj/Tloc      34%        3d8       4%          2
 Searing Ray              Conj           34%        2d5       4%          2
 Sticky Flame             Conj/Fire      48%        2d7       4%          4
 Death Channel            Necr           26%        N/A       4%          6
 Metabolic Englaciation   Hex/Ice        18%        N/A       7%          5
 Hailstorm                Conj/Ice       16%        3d6       9%          3
 Stone Arrow              Conj/Erth      32%        3d9       9%          3
 Borgnjor's Vile Clutch   Necr/Erth      17%        N/A       9%          5
 Arcjolt                  Conj/Air       16%        1d26      12%         5
 Fireball                 Conj/Fire      24%        3d11      13%         5
 Enfeeble                 Hex            28%        N/A       14%         7
 Freezing Cloud           Conj/Ice/Air   13%        6-21      24%         5
 Iskenderun's Mystic Bla  Conj/Tloc      17%        2d5       30%         4
 Olgreb's Toxic Radiance  Pois           17%        N/A       30%         4
 Passage of Golubria      Tloc           17%        N/A       30%         4
 Simulacrum               Ice/Necr       17%        N/A       45%         6
 Lee's Rapid Deconstruct  Erth           7%         3d7*      71%         5
 Discord                  Hex            28%        N/A       77%         8
 Ignition                 Fire           31%        3d10      99%         8
 Maxwell's Capacitive Co  Air            24%        ∞         99%         8
 Lehudib's Crystal Spear  Conj/Erth      8%         10d3      100%        8
 Polar Vortex             Ice            7%         12d1*     100%        9
 Cigotuvi's Dreadful Rot  Necr/Pois/Air  Unusable   N/A       N/A         2

Dungeon Overview and Level Annotations

Branches:
Dungeon (15/15)            Temple (1/1) D:6            Lair (5/5) D:8
 Shoals (4/4) Lair:2        Snake (4/4) Lair:3        Slime (0/5) Lair:5
    Orc (2/2) D:10            Elf (3/3) Orc:2        Vaults (5/5) D:14
  Crypt (0/3) Vaults:3     Depths (4/4) D:15            Zot (5/5) Depths:4
Ossuary (visited)          Bailey (visited)           IceCv (visited)
 WizLab (visited)         Gauntlet (visited)

Altars:
Ashenzari
Cheibriados
Dithmenos
Elyvilon
Fedhas
Gozag
Hepliaklqana
Kikubaaqudgha
Makhleb
Nemelex Xobeh
Okawaru
Qazlal
Ru
Sif Muna
Trog
Uskayaw
Vehumet
Wu Jian
Xom
Yredelemnul
Zin
The Shining One
Jiyva

Shops:
D:3 (   D:6 *   D:7 :   D:12 (   D:14 [   Orc:2 (=*[   Elf:1 (!!:   Elf:2 [
Shoals:1 :   Shoals:3 (   Snake:1 :   Snake:3 (!*   Vaults:3 =   Vaults:5 =

Portals:
Hell: Depths:1 Depths:2 Depths:3 Depths:4
Abyss: Depths:2 Depths:3 Depths:4
Pandemonium: Depths:2
Ziggurat: Depths:2

Annotations:
D:3 exclusion: statue
D:5 2 transporters, justen's ghost, novice TrSh
D:13 1 runed translucent door, Ythuq's ghost, journeyman GrFi
D:15 exclusion: obsidian statue
Elf:2 5 runed translucent doors
Depths:1 1 transporter


Innate Abilities, Weirdness & Mutations

You are immune to sickness and miasma.
Your stone body is resilient. (AC +20)
You are immune to poison.
Your large and strong wings let you fly.
You resist negative energy. (rN+)
You are resistant to electric shocks. (rElec)
You are resistant to unholy torment.
You are immune to petrification.
You have sharp toenails.
Armour fits poorly on your strangely shaped body.
You are frail. (-10% HP)
You are strong-willed. (Will+)
You are occasionally teleported next to monsters.
You are vulnerable to cold. (rC-)
Your spells are a little easier to cast, but a little less powerful.
You expend magic power (3 MP) to strengthen your wands.


Message History

There is a stone staircase leading up here.
The roar of the dragon horde subsides.
You fly upwards.
Level annotation: 2 transporters, justen's ghost, novice TrSh
There is a stone staircase leading down here.
There is a stone staircase leading up here.
You fly upwards.
You can once more reach out to the dragon horde.
There is a stone staircase leading down here.
A demonspawn corrupter and a shadow demon come into view.
The shadow demon gives a loud, deep croak!
The demonspawn corrupter calls forth creatures from the Vaults!
The demonspawn corrupter calls forth creatures from the Abyss!
The vault sentinel blows a loud note on a signal horn!
The ironbound convoker points at the demonspawn corrupter and mumbles some strange words.
The demonspawn corrupter seems to grow stronger.
There is a stone staircase leading up here.
A starcursed mass splits.
The ironbound convoker casts a spell at the starcursed mass.
The starcursed mass seems to grow stronger.
The ironbound convoker gestures at the starcursed mass while chanting.
The starcursed mass seems to grow stronger.
You fly upwards.
Level annotation: exclusion: statue
There is a stone staircase leading down here.
What level of the Dungeon? (default 1, ? - help)
An Ice Fiend comes into view.
There is a stone staircase leading up here.
You fly upwards.
There is a stone staircase leading down here.
What level of the Dungeon? (default 1, ? - help)
There is a stone staircase leading up here.
You fly upwards.
There is a stone staircase leading down here.
There is an open door here.
There is an open door here.
There is a large open door here.
There is a large open door here.
There is a staircase leading out of the dungeon here.
You have escaped!

.....#
#.##.....#.########
...### #.##..8..#.#
# ...#####
#.##.....#.##
.#.....#
#.##..⌠..'..#######
...###.#
#.##.....##........
...# #.#
#.#####'##########.
..## #.# #'####...#
#..).... .## #.#
#...##...# #.#####.
.# ##.## #.@.''.>.#
#.# #. .# ##...##
#...##...###.# ###.
.###.#.#.##
######...##..# #...
.##.##.##.########
#...##### #.#.
.................#
##.#.# #.#.
###.##.##.####.###
#.#.######.#.
##.#.#.## #.#
#.#........#.
##...## #.#
#............
##.#######.#
#############


There were no monsters in sight!

Vanquished Creatures
  A sphinx (Vaults:4)
  A deep elf blademaster (Elf:3)
  A quicksilver dragon (Zot:3)
  A deep elf sorcerer (Elf:3)
  2 deep elf elementalists (Elf:3)
  An orc warlord (Orc:2)
  An ironbound thunderhulk (Vaults:4)
  A deep elf demonologist (Elf:3)
  A dire elephant (Vaults:4)
  2 deep elf death magi (Elf:3)
  3 merfolk javelineers (Shoals:4)
  2 merfolk impalers (Shoals:4)
  An ettin (Depths:1)
  A yaktaur captain (Vaults:1)
  2 great orbs of eyes (Vaults:1)
  A catoblepas (Lair:5)
  3 centaur warriors
  A merfolk avatar (Shoals:1)
  3 merfolk aquamancers (Shoals:4)
  A two-headed ogre (D:10)
  2 naga warriors
  3 anacondas
  2 dancing weapons
  An orc high priest (Orc:2)
  6 shock serpents
  6 naga sharpshooters
  A skeletal warrior (D:10)
  A skyshark (Lair:4)
  A salamander mystic (Snake:3)
  A wretched star (Abyss:4)
  4 sea snakes
  3 deep elf archers
  A glowing orange brain (D:15)
  A naga ritualist (Snake:1)
  A deep elf zephyrmancer (Elf:3)
  An orc knight (D:10)
  2 mana vipers
  3 harpies
  2 salamanders
  Pikel (D:4)
  3 deep elf pyromancers
  3 orc sorcerers (Orc:2)
  2 manticores (Shoals:4)
  7 ugly things
  2 fauns
  A vault sentinel (Vaults:1)
  4 moths of wrath
  A merfolk siren (Shoals:1)
  2 guardian serpents
  3 naga magi (Snake:2)
  8 black mambas
  A minotaur zombie (Gauntlet)
  Psyche (D:8)
  An ice devil (IceCv)
  An anaconda simulacrum (IceCv)
  4 merfolk
  3 trolls (Orc:2)
  2 wind drakes (Shoals:4)
  2 slime creatures
  A culicivora (shapeshifter) (D:15)
  A water elemental (Shoals:2)
  3 dire elephant simulacra (IceCv)
  A wraith (Ossuary)
  2 fire elementals (Gauntlet)
  A fire bat (Abyss:3)
  4 yaks
  A neqoxec (D:12)
  A steam dragon (D:10)
  A large abomination (Abyss:3)
  2 wargs (Orc:2)
  A harpy simulacrum (IceCv)
  3 hydra simulacra (IceCv)
  15 nagas
  4 water moccasins
  A sky beast (D:5)
  An ice beast (D:5)
  9 orc warriors
  A black bear (Lair:1)
  An ogre (Orc:2)
  A wolf (Lair:2)
  A small abomination (Abyss:3)
  6 centaurs
  A lemure (D:4)
  A kobold brigand (D:8)
  3 bullfrogs
  A scorpion (D:5)
  2 wights (Ossuary)
  4 killer bees
  9 nameless horrors
  2 howler monkeys
  2 hounds (D:7)
  An orc priest (D:10)
  A gnoll bouda (D:5)
  5 orc wizards
  Terence (D:2)
  An iguana (D:5)
  3 hell rats (Lair:4)
  4 adders
  6 gnolls
  3 river rats (Lair:4)
  A white imp (D:5)
  3 ufetubi
  An adder zombie (Ossuary)
  A dart slug (D:1)
  20 orcs
  2 ball pythons
  4 endoplasms
  2 giant cockroaches
  3 goblins
  2 jackals (D:1)
  3 quokkas
  A ball python skeleton (Ossuary)
  5 bats
  2 frilled lizards (D:1)
  A hobgoblin skeleton (Ossuary)
  3 kobolds
  A kobold zombie (Ossuary)
  5 rats
  A starspawn tentacle (Abyss:3)
297 creatures vanquished.

Vanquished Creatures (collateral kills)
  2 dread liches
  4 ancient liches
  Mara (Vaults:4)
  8 orbs of fire
  Sojobo (Depths:3)
  Vv (Depths:4)
  Xtahua (Vaults:2)
  7 Killer Klowns (Zot:5)
  Frederick (Vaults:5)
  Saint Roka (Vaults:1)
  Vashnia (Snake:4)
  A pandemonium lord (Depths:4)
  9 golden dragons
  3 electric golems
  4 liches
  A hellephant (Depths:2)
  Asterion (Snake:3)
  Jorgrun (Snake:3)
  Zenata (Elf:3)
  28 Orb Guardians
  2 deep elf master archers (Elf:3)
  9 tentacled monstrosities
  9 acid blobs (Zot:3)
  A deep elf blademaster (Elf:3)
  3 titans (Vaults:5)
  4 quicksilver dragons
  A walking frostbound tome (WizLab)
  5 sphinxes
  Frances (Lair:3)
  2 tentacled starspawn (Abyss:3)
  5 death cobs
  5 tengu reavers
  Aizul (Snake:3)
  Kirke (Shoals:4)
  10 shadow dragons
  11 storm dragons
  5 nagarajas (Snake:4)
  2 strange machines (WizLab)
  Donald (Vaults:3)
  12 fire giants
  5 draconian monks
  9 draconian knights
  Louise (Shoals:4)
  5 deep elf sorcerers
  8 frost giants
  2 draconian scorchers
  A deep elf elementalist (Elf:3)
  5 iron dragons
  14 vault wardens
  4 ghost moths
  2 draconian stormcallers
  4 draconian shifters
  10 very ugly things
  6 war gargoyles
  3 draconian annihilators
  3 orc warlords
  A spriggan defender (Depths:2)
  11 stone giants
  19 ironbound preservers
  8 ironbound thunderhulks
  3 formless jellyfish
  7 black draconians
  Nessos (Lair:3)
  2 green draconians
  7 deep elf demonologists
  A vampire knight (Depths:2)
  4 deep elf annihilators
  A minotaur (Gauntlet)
  19 yellow draconians
  5 dire elephants
  9 purple draconians
  9 white draconians
  4 spark wasps (Depths:2)
  6 red draconians
  A crystal guardian (Vaults:4)
  4 deep elf death magi
  An ettin (shapeshifter) (Depths:2)
  3 merfolk javelineers
  8 fire dragons
  5 ettins
  A blizzard demon (D:12)
  4 merfolk impalers
  2 great orbs of eyes
  16 yaktaur captains
  5 deep elf high priests
  4 entropy weavers
  12 rakshasas
  6 peacekeepers
  3 spriggan air magi (Depths:2)
  33 vault guards
  6 merfolk avatars
  6 hydras
  5 catoblepae
  2 ironbound frosthearts (Vaults:2)
  An ogre mage (D:15)
  8 ice dragons
  3 salamander tyrants
  8 two-headed ogres
  3 boulder beetles
  9 centaur warriors
  2 death knights (Vaults:3)
  13 dancing weapons
  5 anacondas
  2 satyrs (Shoals:3)
  4 alligator snapping turtles
  6 death yaks (Lair:5)
  7 deep troll earth magi
  6 deep troll shamans
  13 naga warriors
  3 hell hogs (Depths:2)
  6 sun demons (Depths:2)
  13 naga sharpshooters
  4 tengu warriors
  3 orc high priests
  3 thrashing horrors (Abyss:4)
  3 shock serpents (Snake:4)
  4 soul eaters
  9 deep elf knights
  7 hell knights (Depths:2)
  Sonja (D:13)
  4 large abominations
  A spriggan berserker (Depths:2)
  A fire crab (shapeshifter) (D:10)
  4 iron trolls
  2 shadow wraiths
  A wretched star (Abyss:4)
  4 skysharks
  A sixfirhy (D:7)
  3 salamander mystics
  2 glowing orange brains
  4 skeletal warriors (D:14)
  A flayed ghost (Depths:2)
  2 naga ritualists
  20 sea snakes
  18 ironbound convokers
  57 deep trolls
  A death drake (shapeshifter) (Vaults:5)
  A lindwurm (Lair:5)
  A bog body (IceCv)
  12 deep elf archers
  6 phantasmal warriors
  2 necromancers
  6 wizards
  12 orc knights
  21 deep elf pyromancers
  12 deep elf zephyrmancers
  17 harpies
  5 mana vipers
  11 fauns
  16 ugly things
  3 oklob plants
  4 orc sorcerers
  12 salamanders
  7 cyclopes
  A worldbinder (Abyss:3)
  21 manticores
  2 shining eyes (shapeshifter)
  10 merfolk sirens
  17 moths of wrath
  A salamander (shapeshifter) (Vaults:5)
  6 guardian serpents
  An elephant (Lair:1)
  15 vault sentinels
  19 black mambas
  A smoke demon (Depths:2)
  3 ice statues
  9 water nymphs
  13 cane toads
  15 naga magi
  A gargoyle (D:11)
  3 unseen horrors
  3 rime drakes
  2 torpor snails (Lair:5)
  2 efreet
  21 nameless horrors
  35 yaktaurs
  4 tengu conjurers
  6 freezing wraiths
  4 ice devils (IceCv)
  14 komodo dragons
  3 meliai (D:15)
  A red devil (Zot:3)
  3 trolls
  29 merfolk
  4 hornets
  2 polar bears
  9 wind drakes
  14 snapping turtles
  14 dream sheep
  25 slime creatures
  A centaur simulacrum (D:12)
  A ynoxinul (Abyss:3)
  Sigmund (D:5)
  A shadow (D:10)
  8 water elementals
  3 spriggans (Depths:2)
  4 wraiths
  4 fire elementals
  A vampire (D:10)
  55 yaks
  4 wyverns
  3 hogs (Shoals:4)
  A steam dragon (D:8)
  3 vampire mosquitoes (D:15)
  2 basilisks
  7 redbacks
  Menkaure (D:4)
  8 wargs
  36 nagas
  2 hell hounds (Gauntlet)
  A hydra simulacrum (IceCv)
  An acid dragon (D:10)
  A harpy simulacrum (IceCv)
  9 water moccasins
  2 floating eyes (shapeshifter)
  2 black bears
  4 ice beasts (D:12)
  22 orc warriors
  3 sky beasts (D:13)
  An ogre (shapeshifter) (Depths:1)
  8 ogres
  7 boggarts (Vaults:1)
  15 wolves
  21 centaurs
  2 phantoms (D:7)
  4 kobold brigands
  2 small abominations (Abyss:3)
  7 bullfrogs
  A two-headed ogre simulacrum (IceCv)
  A gnoll sergeant (D:9)
  A cane toad simulacrum (IceCv)
  3 earth elementals
  7 wights
  19 killer bees
  4 howler monkeys
  2 electric eels (Lair:2)
  A quasit (Abyss:3)
  23 jellies
  Crazy Yiuf (D:4)
  2 hounds (D:4)
  4 orc priests
  A gnoll bouda (D:9)
  2 sleepcaps
  An iguana (shapeshifter) (Depths:4)
  An iguana (D:6)
  6 orc wizards
  9 hell rats (Lair:4)
  A spriggan simulacrum (IceCv)
  A troll simulacrum (IceCv)
  A mummy (D:7)
  16 gnolls
  A naga simulacrum (IceCv)
  3 adders (D:2)
  A river rat (Lair:4)
  3 white imps
  2 ufetubi
  An adder zombie (Ossuary)
  A worm (D:2)
  37 orcs
  A ball python (D:3)
  3 bats
  6 endoplasms
  3 giant cockroaches
  8 goblins
  6 hobgoblins
  A quokka (D:2)
  A hobgoblin zombie (Ossuary)
  7 kobolds
  An orc skeleton (Ossuary)
  5 rats
  3 spectral weapons (Zot:5)
  A starspawn tentacle (Abyss:3)
1707 creatures vanquished.

Vanquished Creatures (others)
  A Killer Klown (Zot:5)
  Rupert (Lair:4)
  A fire giant (Vaults:5)
  A deep elf sorcerer (Elf:3)
  A vault warden (Vaults:4)
  A very ugly thing (Depths:3)
  A white draconian (Zot:3)
  A blizzard demon (Depths:4)
  An entropy weaver (Vaults:4)
  5 vault guards (Vaults:5)
  An ogre mage (D:10)
  A two-headed ogre (D:9)
  A deep elf knight (Elf:3)
  2 deep troll earth magi
  2 deep trolls (Vaults:4)
  3 wizards
  An orc knight (Bailey)
  2 deep elf zephyrmancers (Elf:1)
  A phantasmal warrior (Vaults:5)
  A salamander (Depths:2)
  3 elephants (Lair:1)
  2 black mambas (Snake:3)
  A guardian serpent (Snake:2)
  A vault sentinel (Vaults:2)
  A yaktaur (Vaults:5)
  A tarantella (Vaults:4)
  A hornet (D:10)
  A dream sheep (Shoals:4)
  A wraith (D:11)
  6 yaks
  A vampire mosquito (D:10)
  An acid dragon (D:10)
  A black bear (D:6)
  An ogre (D:5)
  A boggart (Vaults:1)
  2 centaurs (D:11)
  A bullfrog (Lair:1)
  A kobold brigand (D:10)
  A killer bee (D:8)
  A hound (D:5)
  A gnoll bouda (D:6)
  2 orc wizards (D:10)
  3 gnolls (D:6)
  An orc (D:5)
  5 starspawn tentacles (Abyss:3)
70 creatures vanquished.

Grand Total: 2074 creatures vanquished

Notes
Turn   | Place    | Note
-------+----------+-------------------------------------------
     0 | D:1      | freelancePsychic the Gargoyle Summoner began the quest for
                  | the Orb.
     0 | D:1      | Reached XP level 1. HP: 10/10 MP: 3/3
   138 | D:1      | Reached XP level 2. HP: 6/16 MP: 0/5
   453 | D:1      | Reached skill level 1 in Fighting
  1038 | D:2      | Reached XP level 3. HP: 20/20 MP: 3/6
  1041 | D:2      | Learned a level 2 spell: Call Imp
  1146 | D:2      | Learned a level 3 spell: Call Canine Familiar
  1549 | D:2      | Reached XP level 4. HP: 26/26 MP: 4/7
  1591 | D:2      | Noticed Terence
  1629 | D:2      | Killed Terence
  1982 | D:2      | Reached XP level 5. HP: 30/30 MP: 5/9
  2088 | D:2      | Found a shimmering blue altar of Sif Muna.
  2247 | D:3      | Reached skill level 5 in Summonings
  2344 | D:3      | Found Ycodetze's Antique Weapon Shoppe.
  2499 | D:3      | Identified the +1 robe of Sirradef {rPois rCorr}
  2808 | D:3      | Found a radiant altar of Vehumet.
  2808 | D:3      | Noticed a frost-covered statue
  3083 | D:4      | Reached XP level 6. HP: 34/36 MP: 4/10
  3154 | D:4      | Noticed Pikel
  3163 | D:4      | Killed Pikel
  3164 | D:4      | Reached skill level 1 in Hexes
  3164 | D:4      | Reached XP level 7. HP: 42/42 MP: 8/12
  3167 | D:4      | Noticed Menkaure
  3180 | D:4      | Killed Menkaure
  3318 | D:4      | Reached XP level 8. HP: 48/48 MP: 6/14
  3509 | D:4      | Found a runed translucent door.
  3510 | D:4      | Noticed Crazy Yiuf
  3882 | D:4      | Killed Crazy Yiuf
  4032 | D:5      | Entered Level 5 of the Dungeon
  4036 | D:5      | Noticed Sigmund
  4046 | D:4      | Learned a level 3 spell: Summon Guardian Golem
  4256 | D:5      | Killed Sigmund
  4278 | D:5      | Reached skill level 5 in Fighting
  4391 | D:5      | Found a sparkling altar of Nemelex Xobeh.
  4466 | D:5      | Found a transporter.
  4470 | D:5      | Found a transporter.
  4709 | D:5      | Noticed justen's ghost (novice TrSh)
  4756 | D:5      | Found a glowing golden altar of the Shining One.
  4949 | D:6      | Identified the +7 whip of Valuable Assets {freeze, rF+
                  | Will+ Int+3}
  4977 | D:6      | Found a glowing silver altar of Zin.
  5002 | D:6      | Upgraded the game from 0.31-a0-538-gbc85326fa9 to
                  | 0.31-a0-542-gdc2a67831c
  5155 | D:6      | Upgraded the game from 0.31-a0-542-gdc2a67831c to
                  | 0.31-a0-544-gceb718ecc6
  5194 | D:6      | Reached XP level 9. HP: 54/54 MP: 6/15
  5662 | D:6      | Found a staircase to the Ecumenical Temple.
  5663 | D:6      | Found Wixuowasi's Overcharged Wands.
  5673 | Temple   | Entered the Ecumenical Temple
  5678 | Temple   | Became a worshipper of Ashenzari the Shackled
  6267 | D:6      | Learned a level 4 spell: Summon Lightning Spire
  6359 | D:7      | Reached skill level 1 in Air Magic
  6464 | D:7      | Found an opulent altar of Gozag.
  6532 | D:7      | Found a sand-covered staircase.
  6537 | Ossuary  | Entered an ossuary
  7559 | D:7      | Found Maabryiz's Book Boutique.
  7790 | D:7      | Reached XP level 10. HP: 61/63 MP: 4/16
  7932 | D:7      | Found an ancient bone altar of Kikubaaqudgha.
  7932 | D:7      | Found a basalt altar of Yredelemnul.
  7940 | D:7      | Found an ornate altar of the Wu Jian Council.
  7942 | D:7      | Found a faded altar of an unknown god.
  7944 | D:7      | Found a faded altar of an unknown god.
  8013 | D:7      | Found a snail-covered altar of Cheibriados.
  8080 | D:7      | Reached * piety under Ashenzari
  8228 | D:7      | Found a shimmering blue altar of Sif Muna.
  8228 | D:7      | Identified Sif Muna's Verses on Ashes
  8228 | D:7      | Identified Sif Muna's Precepts of the Coals
  8228 | D:7      | Identified Sif Muna's Exposition on Incineration
  8447 | D:8      | Found a staircase to the Lair.
  8745 | D:8      | Reached ** piety under Ashenzari
  8771 | D:8      | Found a sacrificial altar of Ru.
  8841 | D:8      | Found an iron altar of Okawaru.
  9032 | D:8      | Noticed Psyche
  9040 | D:8      | Killed Psyche
  9041 | D:8      | Reached skill level 5 in Spellcasting
  9271 | D:9      | Noticed a two-headed ogre
  9279 | D:9      | Killed a two-headed ogre
  9303 | D:9      | Found a flagged portal.
  9317 | Bailey   | Entered a bailey
  9449 | Bailey   | Reached skill level 10 in Summonings
  9617 | Bailey   | Found a large runed translucent door.
  9617 | Bailey   | Found a large runed translucent door.
  9618 | Bailey   | Noticed a deep elf pyromancer
  9620 | Bailey   | Identified the staff of Offence {rN+ Will+ Dex+3 SInv
                  | Earth}
  9633 | Bailey   | Noticed an orc knight
  9646 | Bailey   | Killed an orc knight
  9647 | Bailey   | Reached skill level 5 in Hexes
  9738 | Bailey   | Killed a deep elf pyromancer
  9739 | Bailey   | Reached skill level 5 in Stealth
  9739 | Bailey   | Reached XP level 11. HP: 67/72 MP: 10/22
 10137 | D:9      | Found a white marble altar of Elyvilon.
 10743 | D:10     | Entered Level 10 of the Dungeon
 10743 | D:10     | Found a hazy altar of Hepliaklqana.
 10750 | D:10     | Found a shimmering altar of Xom.
 11075 | D:10     | Noticed a two-headed ogre
 11093 | D:10     | Killed a two-headed ogre
 11174 | D:10     | Noticed an ogre mage
 11190 | D:10     | Killed an ogre mage
 11192 | D:10     | Noticed a fire crab
 11204 | D:10     | Killed a fire crab
 11214 | D:10     | Identified the +2 ring mail of Qubrifet {rF- rC+++ Will+++
                  | Dex-5}
 11214 | D:10     | Noticed a skeletal warrior
 11264 | D:10     | Noticed a two-headed ogre
 11273 | D:10     | Killed a two-headed ogre
 11274 | D:10     | Killed a skeletal warrior
 11300 | D:10     | Noticed an orc knight
 11311 | D:10     | Killed an orc knight
 11589 | D:7      | Bought a book of Beasts for 494 gold pieces
 11595 | D:7      | Learned a level 5 spell: Summon Mana Viper
 11603 | D:7      | Learned a level 7 spell: Monstrous Menagerie
 11684 | D:10     | Noticed a boulder beetle
 11693 | D:10     | Killed a boulder beetle
 11694 | D:10     | Reached skill level 10 in Fighting
 11694 | D:10     | Reached XP level 12. HP: 59/81 MP: 10/24
 11952 | D:10     | Noticed an ice dragon
 12055 | D:11     | Reached *** piety under Ashenzari
 12181 | D:11     | Noticed a two-headed ogre
 12205 | D:11     | Killed a two-headed ogre
 12475 | D:11     | Reached skill level 5 in Dodging
 13393 | D:10     | Found a staircase to the Orcish Mines.
 13494 | D:10     | Reached **** piety under Ashenzari
 13763 | D:10     | Noticed a catoblepas
 13777 | D:10     | Killed a catoblepas
 13888 | D:10     | Identified the +7 giant spiked club "Unkefom" {freeze,
                  | Stlth+}
 14320 | D:10     | Killed an ice dragon
 14533 | Lair:1   | Entered Level 1 of the Lair of Beasts
 15169 | Lair:1   | Noticed a catoblepas
 15170 | Lair:1   | Reached XP level 13. HP: 91/91 MP: 15/26
 16025 | Lair:2   | Found a gate leading to a gauntlet.
 16036 | Gauntlet | Entered a Gauntlet
 16036 | Gauntlet | Identified the +9 great sword of Huren {protect, rPois rC+}
 16036 | Gauntlet | Found a large runed translucent door.
 16036 | Gauntlet | Found a large runed translucent door.
 16036 | Gauntlet | Found a large runed translucent door.
 16036 | Gauntlet | Found a large runed translucent door.
 16036 | Gauntlet | Found a runed translucent door.
 16036 | Gauntlet | Found a large runed translucent door.
 16036 | Gauntlet | Found a large runed translucent door.
 16036 | Gauntlet | Found a transporter.
 16036 | Gauntlet | Found a transporter.
 16036 | Gauntlet | Found a large runed translucent door.
 16036 | Gauntlet | Found a large runed translucent door.
 16036 | Gauntlet | Found a runed translucent gate.
 16036 | Gauntlet | Found a runed translucent gate.
 16036 | Gauntlet | Found a transporter.
 16036 | Gauntlet | Found a transporter.
 16114 | Gauntlet | Found a transporter.
 16114 | Gauntlet | Found a transporter.
 16115 | Gauntlet | Found a runed translucent gate.
 16115 | Gauntlet | Found a runed translucent door.
 16119 | Gauntlet | Found a large runed translucent door.
 16119 | Gauntlet | Found a large runed translucent door.
 16124 | Gauntlet | Found a transporter.
 16128 | Gauntlet | Found a transporter.
 16138 | Gauntlet | Identified the +4 pair of gloves of Nomo {-Cast rC+++ MP-9
                  | Slay+3}
 16144 | Gauntlet | Found a transporter.
 16144 | Gauntlet | Identified the amulet "Kafadol" {Reflect Str+2 SH+5 SInv}
 16145 | Gauntlet | Found a transporter.
 16162 | Gauntlet | Found a transporter.
 16166 | Gauntlet | Found a transporter.
 16211 | Gauntlet | Found a large runed translucent door.
 16211 | Gauntlet | Found a large runed translucent door.
 16212 | Gauntlet | Found a large runed translucent door.
 16212 | Gauntlet | Found a large runed translucent door.
 16213 | Gauntlet | Found a large runed translucent door.
 16213 | Gauntlet | Found a large runed translucent door.
 16467 | Gauntlet | Reached skill level 1 in Shields
 16666 | Gauntlet | Noticed a minotaur
 16686 | Gauntlet | Killed a minotaur
 17084 | Lair:2   | Found a staircase to the Shoals.
 17956 | Lair:3   | Identified the +1 robe of the Game of Life {rC+ Dex+4 SInv
                  | Stlth+}
 18098 | Lair:3   | Noticed Nessos
 18112 | Lair:3   | Killed Nessos
 18351 | Lair:3   | Found a staircase to the Snake Pit.
 18550 | Lair:3   | Gained mutation: Your large and strong wings let you fly.
                  | [Gargoyle growth]
 18550 | Lair:3   | Reached XP level 14. HP: 86/100 MP: 12/27
 19226 | Lair:3   | Reached skill level 5 in Shields
 19887 | Lair:4   | Noticed Rupert
 20107 | Lair:4   | Killed Rupert
 20681 | Lair:4   | Reached ***** piety under Ashenzari
 21542 | Lair:5   | Entered Level 5 of the Lair of Beasts
 21663 | Lair:5   | Reached skill level 1 in Necromancy
 22106 | Lair:5   | Reached skill level 1 in Shapeshifting
 22347 | Lair:5   | Found a viscous altar of Jiyva.
 22348 | Lair:5   | Found a staircase to the Slime Pits.
 22823 | Lair:5   | Found an ornate altar of the Wu Jian Council.
 23866 | Lair:5   | Reached XP level 15. HP: 108/108 MP: 8/30
 24560 | D:12     | Found a frozen archway.
 24655 | IceCv    | Entered an ice cave
 26436 | D:12     | Found Cium Sabreoz's Weapon Emporium.
 26971 | D:7      | Bought the Tome of Unified Transformation for 390 gold
                  | pieces
 26979 | D:7      | Learned a level 7 spell: Haunt
 27178 | D:13     | Reached skill level 15 in Fighting
 27611 | D:13     | Noticed Sonja
 27624 | D:13     | Killed Sonja
 27737 | D:13     | Found a runed translucent door.
 27737 | D:13     | Found a shimmering altar of Xom.
 27737 | D:13     | Noticed Ythuq's ghost (journeyman GrFi)
 29273 | D:14     | Found a gate to the Vaults.
 29284 | D:14     | Reached skill level 5 in Necromancy
 29512 | D:14     | Found Sod Wami's Armour Emporium.
 29906 | Orc:1    | Entered Level 1 of the Orcish Mines
 30321 | Orc:2    | Entered Level 2 of the Orcish Mines
 30352 | Orc:2    | Noticed an orc warlord
 30364 | Orc:2    | Noticed an orc warlord
 30369 | Orc:2    | Killed an orc warlord
 30377 | Orc:2    | Killed an orc warlord
 30425 | Orc:2    | Reached skill level 1 in Evocations
 30425 | Orc:2    | Reached XP level 16. HP: 104/116 MP: 15/32
 30841 | Orc:2    | Found Faexzydaty's Antique Armour Shop.
 30946 | Orc:2    | Bought a brightly glowing cloak for 285 gold pieces
 30946 | Orc:2    | Identified the +0 cloak "Ekuad Tiwk" {rC+ Int+3} (You
                  | bought it in a shop on level 2 of the Orcish Mines)
 30950 | Orc:2    | Bought a fine leather armour for 210 gold pieces
 30950 | Orc:2    | Identified the +0 leather armour "Ninet" {rCorr} (You
                  | bought it in a shop on level 2 of the Orcish Mines)
 30964 | Orc:2    | Found Boov's Jewellery Shop.
 31033 | Orc:2    | Found Okayhiy's Antique Weapon Shop.
 31161 | Orc:2    | Found a staircase to the Elven Halls.
 31185 | Orc:2    | Found Bunis's General Store.
 31521 | Orc:2    | Bought 2 potions of haste for 260 gold pieces
 31521 | Orc:2    | Bought a scroll of enchant armour for 97 gold pieces
 31631 | D:7      | Bought a book of Misfortune for 468 gold pieces
 31637 | D:7      | Learned a level 5 spell: Yara's Violent Unravelling
 31795 | D:15     | Entered Level 15 of the Dungeon
 31943 | D:15     | Reached skill level 1 in Transmutations
 32128 | D:15     | Reached ****** piety under Ashenzari
 32457 | D:15     | Identified a scroll of acquirement
 32466 | D:15     | Acquired the +5 kite shield "Oblukol" {rElec Str+2}
 33126 | D:15     | Found a staircase to the Depths.
 33804 | Snake:1  | Entered Level 1 of the Snake Pit
 33806 | Snake:1  | Noticed Frances
 34014 | Lair:3   | Killed Frances
 34117 | Lair:3   | Found a staircase to the Snake Pit.
 35204 | Snake:1  | Reached skill level 10 in Spellcasting
 35755 | Snake:1  | Found Foyppa Lodu's Vocational Training.
 36479 | Snake:2  | Reached skill level 5 in Transmutations
 36488 | Snake:2  | Reached XP level 17. HP: 122/122 MP: 22/34
 38191 | Snake:3  | Noticed Aizul
 38203 | Snake:3  | Killed Aizul
 38355 | Snake:3  | Noticed Asterion
 38362 | Snake:3  | Killed Asterion
 38363 | Snake:3  | Reached skill level 15 in Summonings
 38451 | Snake:3  | Reached skill level 10 in Shields
 38457 | Snake:3  | Noticed Jorgrun
 38665 | Snake:3  | Found Gaunwuaz's Weapon Shoppe.
 38667 | Snake:3  | Found Katzy's Distillery.
 38669 | Snake:3  | Found Xekin's Assorted Antiques.
 38675 | Snake:3  | Bought a potion of brilliance for 72 gold pieces
 38675 | Snake:3  | Bought a potion of ambrosia for 144 gold pieces
 38677 | Snake:3  | Bought a potion of heal wounds for 185 gold pieces
 38677 | Snake:3  | Bought a scroll of teleportation for 111 gold pieces
 39593 | Snake:4  | Entered Level 4 of the Snake Pit
 39707 | Shoals:1 | Entered Level 1 of the Shoals
 39719 | Shoals:1 | Learned a level 9 spell: Dragon's Call
 40680 | Shoals:1 | Found Poasuso's Book Shop.
 41852 | Shoals:2 | Reached XP level 18. HP: 129/129 MP: 16/36
 43066 | Shoals:3 | Identified the +6 scale mail of Solemn Liberty {rF- rCorr
                  | Str+3}
 43458 | Shoals:3 | Found Liagih's Firing Range.
 43762 | Shoals:3 | Identified the +1 chain mail of Nadaxezu {rElec Str+4}
 44343 | Shoals:4 | Entered Level 4 of the Shoals
 44742 | Shoals:4 | Identified the +1 mace of Inquiry {pain, Str+2}
 45219 | Shoals:4 | Found the +8 Vampire's Tooth {megavamp}
 45398 | Shoals:4 | Identified the +10 chain mail of Zupsien {Int+2}
 45503 | Shoals:4 | Identified Cizuos's Lessons on Cold Zombies
 45634 | Shoals:4 | Noticed Kirke
 45644 | Shoals:4 | Killed Kirke
 45745 | Shoals:4 | Noticed Louise
 45759 | Shoals:4 | Killed Louise
 45912 | Shoals:4 | Found a sparkling altar of Nemelex Xobeh.
 46195 | Shoals:4 | Identified the +6 morningstar of Symmetry {flame, rN+}
 46480 | Shoals:4 | Reached XP level 19. HP: 77/134 MP: 37/37
 46531 | Shoals:4 | Got a barnacled rune of Zot
 46647 | Shoals:4 | Identified the +1 plate armour of Moral Flaws {rF+++ rN+++}
 47205 | Snake:4  | Noticed Vashnia
 47416 | Snake:4  | Killed Vashnia
 48123 | Snake:3  | Killed Jorgrun
 49292 | Snake:4  | Got a serpentine rune of Zot
 49766 | Elf:1    | Entered Level 1 of the Elven Halls
 49766 | Elf:1    | Found a runed translucent gate.
 49766 | Elf:1    | Found a runed translucent gate.
 49766 | Elf:1    | Found a runed translucent gate.
 49766 | Elf:1    | Found a runed translucent gate.
 49766 | Elf:1    | Found a runed translucent gate.
 49766 | Elf:1    | Found a runed translucent gate.
 49767 | Elf:1    | Found a runed translucent door.
 49774 | Elf:1    | Found a runed translucent door.
 50235 | Elf:1    | Identified the +7 quarterstaff "Unikka" {heavy, rElec rPois
                  | Str+7 Int-2}
 50353 | Elf:1    | Found Vikusk's Book Shop.
 50353 | Elf:1    | Found Ziufynn's Weapon Boutique.
 50354 | Elf:1    | Found Bocs's Distillery.
 50358 | Elf:1    | Bought a potion of heal wounds for 65 gold pieces
 50358 | Elf:1    | Bought a potion of heal wounds for 65 gold pieces
 50358 | Elf:1    | Bought a potion of haste for 130 gold pieces
 50358 | Elf:1    | Found Lawulota's Distillery.
 50364 | Elf:1    | Bought a potion of heal wounds for 85 gold pieces
 50364 | Elf:1    | Bought a potion of haste for 170 gold pieces
 50757 | Elf:1    | Identified the +9 ice dragon scales of Midnight {rF- rC++
                  | Str+2}
 51197 | Elf:2    | Learned a level 5 spell: Silence
 51390 | Elf:2    | Found Yrusataz's Antique Armour Emporium.
 52167 | Elf:2    | Found a huge runed translucent gate.
 52167 | Elf:2    | Found a huge runed translucent gate.
 52167 | Elf:2    | Found a huge runed translucent gate.
 52167 | Elf:2    | Found a huge runed translucent gate.
 52167 | Elf:2    | Found a huge runed translucent gate.
 52298 | Elf:3    | Entered Level 3 of the Elven Halls
 52298 | Elf:3    | Noticed Zenata
 52305 | Elf:3    | Killed Zenata
 52413 | Elf:3    | Reached XP level 20. HP: 133/140 MP: 17/38
 52921 | Elf:3    | Identified Papoit's Anthology of Lithomancy
 53255 | Abyss:3  | Found a corrupted altar of Lugonu.
 53255 | Abyss:3  | Cast into level 3 of the Abyss (a deep elf sorcerer)
 53502 | Abyss:4  | Noticed a bone dragon
 53550 | Abyss:4  | Reached skill level 5 in Air Magic
 53575 | Elf:3    | Escaped the Abyss
 53908 | Elf:3    | Identified the +7 short sword of the Maze {flame, +Blink
                  | rPois Int-4 SInv}
 54398 | Elf:3    | Identified the +6 trident of Focus {drain, rElec Will+
                  | Int+3 Dex+2}
 54467 | Elf:3    | Identified the amulet of Cowardice {-Cast rElec Regen+
                  | Dex+3}
 54469 | Elf:3    | Identified the Meditations on Arcane Combat and Hail
 54526 | Elf:3    | Acquired the ring of Erow {rF+ EV+5}
 54606 | Elf:3    | Identified the staff of Patterns {rPois rF+ rC++ Str-2
                  | Dex+8 Fire}
 54920 | Vaults:1 | Entered Level 1 of the Vaults
 55440 | Vaults:1 | Noticed Saint Roka
 55456 | Vaults:1 | Killed Saint Roka
 56779 | Vaults:1 | Reached XP level 21. HP: 143/143 MP: 21/38
 57816 | Vaults:2 | Reached skill level 10 in Dodging
 58323 | Vaults:2 | Noticed Xtahua
 58332 | Vaults:2 | Killed Xtahua
 59782 | Vaults:3 | Found a magical portal.
 59895 | WizLab   | Entered Tukima's Studio
 59921 | WizLab   | Identified the +8 longbow "Conwuttuch" {speed, rPois Will+}
 60045 | WizLab   | Identified the +4 triple crossbow "Cuizeq" {speed, rF- rC+
                  | rCorr}
 60064 | WizLab   | Noticed freelancePsychic's illusion
 60222 | WizLab   | Found the +1 cloak of Starlight {*Dazzle EV+4 Stlth--}
 60979 | Vaults:3 | Found Orihiq's Jewellery Shoppe.
 61352 | Vaults:3 | Identified the +0 kite shield of Generosity {Rampage rF++
                  | Regen+ Int-2}
 61352 | Vaults:3 | Noticed Donald
 61355 | Vaults:3 | Killed Donald
 61836 | Vaults:3 | Found a staircase to the Crypt.
 62028 | Vaults:3 | Identified the scarf of Onis {harm, rCorr}
 62216 | Vaults:4 | Noticed Mara
 62228 | Vaults:4 | Noticed freelancePsychic's illusion
 62231 | Vaults:4 | Killed Mara
 62232 | Vaults:4 | Reached XP level 22. HP: 148/148 MP: 16/39
 62719 | Shoals:1 | Bought a book of Hexes for 468 gold pieces
 62725 | Shoals:1 | Learned a level 4 spell: Anguish
 63917 | Vaults:4 | Paralysed by a vault sentinel for 4 turns
 64746 | Vaults:5 | Entered Level 5 of the Vaults
 64773 | Vaults:5 | Noticed a dread lich
 64790 | Vaults:5 | Killed a dread lich
 64819 | Vaults:5 | Noticed an ancient lich
 64835 | Vaults:5 | Killed an ancient lich
 65326 | Vaults:5 | Reached XP level 23. HP: 153/156 MP: 23/41
 65328 | Vaults:5 | Found the +5 glaive of the Guard {elec, spectral, AC+5}
 65457 | Vaults:5 | Reached skill level 15 in Spellcasting
 65607 | Vaults:5 | Reached skill level 1 in Armour
 65842 | Vaults:5 | Identified the staff of Patterns {rF+ rN+ Dex+3 Necro}
 65843 | Vaults:5 | Identified the +1 troll leather armour of the Forgotten
                  | Beds {rN+ Regen+}
 65844 | Vaults:5 | Identified the +4 short sword of Zomp {freeze, Fly rElec}
 65844 | Vaults:5 | Identified the Omnibus of the Black Widow and Cryomancy
 65993 | Vaults:5 | Identified the +7 battleaxe of Terra Nullius {flame, Contam
                  | +Blink rElec rPois}
 65993 | Vaults:5 | Noticed Frederick
 66086 | Vaults:5 | Killed Frederick
 66437 | Vaults:5 | Found Myebrehu's Jewellery Boutique.
 66746 | Vaults:5 | Reached skill level 5 in Armour
 67173 | Vaults:5 | Got a silver rune of Zot
 67951 | Depths:1 | Entered Level 1 of the Depths
 67953 | Depths:1 | Found a gateway to Hell.
 68275 | Depths:1 | Paralysed by a sphinx for 2 turns
 68490 | Depths:1 | Found a sparkling altar of Nemelex Xobeh.
 68766 | Depths:1 | Found a transporter.
 69424 | Depths:2 | Identified the +0 demon whip "Eviscerator" {flame, Dex+3}
 69496 | Depths:2 | Reached XP level 24. HP: 168/168 MP: 7/44
 69666 | Depths:2 | Identified the amulet "Soituot" {Reflect rF+ SH+5 SInv}
 69954 | Depths:2 | Reached skill level 15 in Dodging
 70166 | Depths:2 | Found a one-way gateway to a ziggurat.
 70676 | Depths:2 | Found a one-way gate leading to the halls of Pandemonium.
 70849 | Depths:2 | Found a one-way gate to the infinite horrors of the Abyss.
 71143 | Depths:3 | Noticed Sojobo
 71150 | Depths:3 | Paralysed by an air elemental for 1 turns
 71157 | Depths:3 | Killed Sojobo
 71857 | Depths:3 | Found a glowing silver altar of Zin.
 72099 | Depths:3 | Found a shadowy altar of Dithmenos.
 72409 | Depths:4 | Entered Level 4 of the Depths
 72421 | Depths:4 | Reached skill level 1 in Fire Magic
 72763 | Depths:4 | Found a shimmering altar of Xom.
 72791 | Depths:4 | Reached skill level 5 in Fire Magic
 72810 | Depths:4 | Noticed Vv
 72853 | Depths:4 | Killed Vv
 73238 | Orc:2    | Bought an amulet of magic regeneration for 480 gold pieces
 73584 | Depths:4 | Found a gate to the Realm of Zot.
 74320 | Zot:1    | Entered Level 1 of the Realm of Zot
 75078 | Zot:1    | Reached XP level 25. HP: 173/173 MP: 29/44
 75200 | Zot:1    | Identified the +2 pair of boots "Foijyikk" {Fly Str-4
                  | Int+6}
 75391 | Zot:1    | Reached skill level 1 in Staves
 75736 | Zot:2    | Noticed an orb of fire
 75741 | Zot:2    | Gained mutation: Potions are less effective at restoring
                  | your health. [an orb of fire]
 75743 | Zot:2    | Gained mutation: Potions cannot restore your health. [an
                  | orb of fire]
 75753 | Zot:2    | Killed an orb of fire
 75806 | Zot:2    | Lost mutation: Potions cannot restore your health. [potion
                  | of mutation]
 75806 | Zot:2    | Lost mutation: Potions are less effective at restoring your
                  | health. [potion of mutation]
 75806 | Zot:2    | Gained mutation: Your magical capacity is low. (-10% MP)
                  | [potion of mutation]
 76971 | Zot:3    | Reached skill level 5 in Staves
 78069 | Zot:4    | Noticed an orb of fire
 78075 | Zot:4    | Gained mutation: Your muscles are strong. (Str +4, Int/Dex
                  | -1) [an orb of fire]
 78082 | Zot:3    | Gained mutation: Potions are less effective at restoring
                  | your health. [an orb of fire]
 78084 | Zot:3    | Gained mutation: You are occasionally teleported next to
                  | monsters. [an orb of fire]
 78086 | Zot:3    | Gained mutation: You are dopey. (Int -2) [an orb of fire]
 78087 | Zot:3    | Killed an orb of fire
 78089 | Zot:3    | Lost mutation: You are dopey. (Int -2) [potion of mutation]
 78089 | Zot:3    | Lost mutation: Your magical capacity is low. (-10% MP)
                  | [potion of mutation]
 78089 | Zot:3    | Lost mutation: You are occasionally teleported next to
                  | monsters. [potion of mutation]
 78089 | Zot:3    | Gained mutation: You possess an exceptional clarity of
                  | mind. [potion of mutation]
 78089 | Zot:3    | Gained mutation: You are robust. (+10% HP) [potion of
                  | mutation]
 78223 | Zot:4    | Identified the +1 ring mail of the Furies {rPois Stlth+}
 78269 | Zot:4    | Identified the +5 rapier of Ignis's Fury {speed, Will+ MP-9
                  | Dex+2}
 78690 | Zot:5    | Entered Level 5 of the Realm of Zot
 78691 | Zot:5    | Noticed a Killer Klown
 78713 | Zot:5    | Killed a Killer Klown
 79092 | Zot:5    | Reached XP level 26. HP: 172/196 MP: 34/44
 79156 | Zot:5    | Noticed a Killer Klown
 79175 | Zot:5    | Noticed an orb of fire
 79175 | Zot:5    | Noticed an orb of fire
 79192 | Zot:5    | Noticed an orb of fire
 79193 | Zot:5    | Noticed an orb of fire
 79195 | Zot:5    | Noticed an orb of fire
 79200 | Zot:5    | Gained mutation: You are clumsy. (Dex -2) [an orb of fire]
 79206 | Zot:5    | Gained mutation: You occasionally shout uncontrollably at
                  | your foes. [an orb of fire]
 79208 | Zot:5    | Gained mutation: Your spells are a little easier to cast,
                  | but a little less powerful. [an orb of fire]
 79213 | Zot:5    | Lost mutation: You are robust. (+10% HP) [an orb of fire]
 79402 | Zot:5    | Noticed a Killer Klown
 79403 | Zot:5    | Gained mutation: You are frail. (-10% HP) [an orb of fire]
 79423 | Zot:5    | Killed a Killer Klown
 79588 | Zot:5    | Gained mutation: You are dopey. (Int -2) [an orb of fire]
 79590 | Zot:5    | Gained mutation: Armour fits poorly on your strangely
                  | shaped body. [an orb of fire]
 79598 | Zot:5    | Killed an orb of fire
 79669 | Zot:5    | Gained mutation: You are occasionally teleported next to
                  | monsters. [an orb of fire]
 79682 | Zot:5    | Gained mutation: You are very frail. (-20% HP) [an orb of
                  | fire]
 79684 | Zot:5    | Killed an orb of fire
 79777 | Zot:3    | Lost mutation: You are occasionally teleported next to
                  | monsters. [potion of mutation]
 79777 | Zot:3    | Lost mutation: You are clumsy. (Dex -2) [potion of
                  | mutation]
 79777 | Zot:3    | Gained mutation: You have an increased reservoir of magic.
                  | (+10% MP) [potion of mutation]
 79778 | Zot:3    | Lost mutation: You are dopey. (Int -2) [potion of mutation]
 79778 | Zot:3    | Lost mutation: You occasionally shout uncontrollably at
                  | your foes. [potion of mutation]
 79778 | Zot:3    | Gained mutation: You are strong-willed. (Will+) [potion of
                  | mutation]
 79778 | Zot:3    | Lost mutation: You have an increased reservoir of magic.
                  | (+10% MP) [potion of mutation]
 79778 | Zot:3    | Gained mutation: You expend magic power (3 MP) to
                  | strengthen your wands. [potion of mutation]
 79779 | Zot:3    | Lost mutation: Potions are less effective at restoring your
                  | health. [potion of mutation]
 79779 | Zot:3    | Lost mutation: You possess an exceptional clarity of mind.
                  | [potion of mutation]
 79779 | Zot:3    | Lost mutation: Your muscles are strong. (Str +4, Int/Dex
                  | -1) [potion of mutation]
 79779 | Zot:3    | Lost mutation: You are very frail. (-20% HP) [potion of
                  | mutation]
 79779 | Zot:3    | Gained mutation: You are vulnerable to cold. (rC-) [potion
                  | of mutation]
 79779 | Zot:3    | Gained mutation: You have sharp toenails. [potion of
                  | mutation]
 79814 | Zot:4    | Gained mutation: You are occasionally teleported next to
                  | monsters. [an orb of fire]
 79822 | Zot:4    | Killed an orb of fire
 79823 | Zot:4    | Reached skill level 15 in Shields
 79972 | Zot:5    | Killed an orb of fire
 79985 | Zot:5    | Killed a Killer Klown
 80081 | Zot:5    | Killed an orb of fire
 80193 | Zot:5    | Noticed an ancient lich
 80194 | Zot:5    | Noticed an ancient lich
 80201 | Zot:5    | Noticed a Killer Klown
 80203 | Zot:5    | Killed an ancient lich
 80206 | Zot:5    | Noticed a Killer Klown
 80208 | Zot:5    | Noticed a Killer Klown
 80213 | Zot:5    | Noticed an orb of fire
 80215 | Zot:5    | Noticed a Killer Klown
 80219 | Zot:5    | Noticed a Killer Klown
 80229 | Zot:5    | Noticed an ancient lich
 80244 | Zot:5    | Noticed a dread lich
 80316 | Zot:5    | Killed a dread lich
 80479 | Zot:5    | Killed an orb of fire
 80536 | Zot:5    | Killed a Killer Klown
 80611 | Zot:5    | Killed a Killer Klown
 80614 | Zot:5    | Killed a Killer Klown
 80620 | Zot:5    | Killed a Killer Klown
 80625 | Zot:5    | Killed an ancient lich
 80632 | Zot:5    | Killed a Killer Klown
 80638 | Zot:5    | Killed an ancient lich
 80677 | Zot:5    | Identified the +1 sling of Watchfulness {flame, rElec rPois
                  | Dex-4 SInv}
 81660 | Zot:5    | Got the Orb of Zot
 81822 | Depths:4 | Noticed Itziyxt the pandemonium lord
 81832 | Depths:4 | Killed Itziyxt the pandemonium lord
 81880 | Depths:3 | Noticed Jada Fafi the pandemonium lord
 81880 | Depths:3 | Noticed an ancient lich
 82310 | D:$      | Escaped with the Orb!

Illustrated notes

Levels and vault maps discovered:
D:1:      dpeg_arrival_simpleton_b, layout_loops_ring, minmay_small_reverse_x
D:2:      layout_basic, basic_altar, minmay_divided_ellipse, uniq_terence
D:3:      layout_rooms, vehumet_statue, serial_shops,
          nicolae_shop_gibbet_a_chance, kennysheep_cross_room
D:4:      layout_cave_pools, minmay_misc_feat_room, uniq_crazy_yiuf_cottage,
          uniq_menkaure, uniq_pikel
D:5:      layout_basic, nicolae_tso_swordbearing_angel,
          nemelex_dance_club_becter, gammafunk_ghost_hive, uniq_sigmund
D:6:      layout_rooms, mainiacjoe_overflow_brackets,
          minmay_temple_entry_arrows, nicolae_shop_overcharged_wands
D:7:      layout_gridville, nicolae_gozag_cash_rules_everything_around_me,
          nicolae_sif_muna_little_library, chei_slow_surprise,
          chequers_temple_overflow_minitemple, serial_shops, shop,
          enter_ossuary_2
D:8:      layout_rooms, mainiacjoe_overflow_catwalk_spiral, dpeg_oklobed_lair,
          uniq_psyche
D:9:      layout_basic, elyvilon_altar_3, enter_bailey_5
D:10:     minmay_the_grid_3x3 [minmay_the_grid_holed_spiral,
          minmay_the_grid_aliased_spiral, minmay_the_grid_dragon_a,
          minmay_the_grid_minigrid_small, minmay_the_grid_large_cup,
          minmay_the_grid_medium_cups, minmay_the_grid_gridbox,
          minmay_the_grid_pillar_ring, minmay_the_grid_prize_four_corners],
          layout_gridville, mainiacjoe_overflow_cross_hatched,
          mainiacjoe_overflow_alcove_4, minmay_orc_entry_guard_dogs,
          corexii_corridor_pit, serial_bayou_pond_e
D:11:     layout_cave_pods
D:12:     layout_loops_corners, serial_ice, serial_ice_h, serial_ice_o,
          serial_ice_b, serial_ice_i, serial_ice_a,
          portal_ice_cave_entry_pillars_2, serial_shops,
          nicolae_shop_advertising_works [nicolae_subvault_shop_adworks]
D:13:     layout_basic, ebering_ghost_xom, minmay_liquid_box,
          dreamdust_looks_like_rain, uniq_sonja
D:14:     layout_roguey, grunt_vaults_entry_fortified, serial_shops,
          nicolae_square_shop, minmay_misc_feat_cross
D:15:     gammafunk_enter_depths_forms, layout_basic, minivault_16,
          chequers_big_river
Temple:   hellmonk_temple_two_chambers
Lair:1:   layout_loops_ring
Lair:2:   layout_big_grid, nicolae_shoals_entry_roost, gauntlet_entry_generic,
          infiniplex_staircase_pool
Lair:3:   layout_cave_pods, dummy_snake_entry, chequers_serial_rivers_micro_d,
          uniq_nessos
Lair:4:   layout_regular_city, kennysheep_abandoned_house, serial_bayou_shore_b,
          serial_bayou_shore_b, grunt_megastairs_1, uniq_rupert
Lair:5:   evilmike_catoblepas_cave, layout_loops_ring,
          dpeg_slime_entry_enclosed, basic_altar
Shoals:1: layout_shoals, serial_shops, nicolae_book_shop_shelving,
          nicolae_shoals_so_close
Shoals:2: layout_shoals, nicolae_shoals_isolated_beach
Shoals:3: layout_shoals, nicolae_shop_firing_range
Shoals:4: shoals_end_simple, layout_shoals, lemuel_centaur_altar, uniq_kirke,
          uniq_louise
Snake:1:  layout_rooms, nicolae_shop_vocational, grunt_megastairs_3,
          uniq_frances
Snake:2:  layout_onion_interference
Snake:3:  layout_onion, lemuel_fruit_tree, minmay_shop_star, uniq_aizul,
          uniq_asterion, uniq_jorgrun
Snake:4:  grunt_snake_rune_pools, layout_cave_town, nicolae_triple_integral,
          uniq_vashnia
Orc:1:    layout_caves, basic_altar
Orc:2:    grunt_orc_gardens, layout_caves, grunt_orc_garden, grunt_orc_garden,
          grunt_orc_garden, grunt_orc_garden, mines3_lemuel
Elf:1:    nicolae_elf_arrival_dilemma, layout_gridlike,
          kennysheep_underground_church, minmay_shoptagon
Elf:2:    elven_hall_of_blades_hangedman_alternative [nicolae_blade_tridents],
          layout_geoelf_octagon, serial_shops, shop
Elf:3:    elf_hall_gauntlet_narrow, layout_geoelf_octagon, uniq_zenata
Vaults:1: grunt_vaults_trifunnel, vaults_mumra_hex, vaults_mumra_chevron,
          vaults_room_semicircle, vaults_room_stairs_pillars,
          nicolae_vaults_angled_halls, v_misc_23, v_pattern_1,
          nicolae_vaults_holding_cells, nicolae_vaults_tetromino_T_2,
          vaults_room_grunt_arrival_ludios, hangedman_vaults_nails,
          layout_vaults_ring, uniq_saint_roka
Vaults:2: nicolae_vaults_steering_wheel, hangedman_vaults_hat,
          vaults_room_door_ring, ontoclasm_vaults_misaligned, st_spiral_rooms,
          nicolae_vaults_cornered_office,
          vaults_standard_mumra_enter_the_diamond, v_misc_1, v_alt_pattern_5,
          v_misc_13, ontoclasm_vaults_decontamination, nicolae_vaults_swerve,
          nicolae_vaults_trapezoid_layered, layout_vaults_omnibox, uniq_xtahua
Vaults:3: mu_enter_wizlab_6, v_alt_pattern_2, blue_anna_dwarven_crypt,
          nicolae_vaults_hallways_thing, nicolae_vaults_tetromino_Z_1, v_misc_5,
          nicolae_vaults_wine_cellar, ontoclasm_vaults_twist,
          layout_vaults_quadrants, serial_shops, nicolae_square_shop,
          uniq_donald
Vaults:4: nicolae_vaults_lightning_bolt, nicolae_vaults_trapezoid_3, st_cells,
          hangedman_vaults_restitches, nicolae_vaults_trapezoid_lopsided_3,
          hangedman_vaults_capsules, grunt_vaults_hallway_short,
          nicolae_vaults_closet_pinwheel_1, nicolae_vaults_trapezoid_lopsided_2,
          nicolae_vaults_border_crossing, nicolae_vaults_three_branches,
          nicolae_vaults_little_squares_4, vaults_room_hallway,
          nicolae_vaults_specimen_jars, ontoclasm_vaults_eye,
          vaults_room_semicircle, layout_vaults_maze_snakey, uniq_mara
Vaults:5: uniq_frederick
Depths:1: layout_forbidden_donut, eino_curves_02, hell_entry,
          nicolae_diode_basic, serial_bayou_shore_b, hangedman_decor_cross_pass,
          serial_bayou_shore_b, firewood_loft
Depths:2: minmay_firetagon, layout_honeycomb, enter_ziggurat_d,
          rand_demon_pan_entry_4, abyss_entry, hellmouth_3, bh_walls_and_bars,
          chequers_serial_rivers_micro_b, grunt_potential
Depths:3: kennysheep_big_flooded_room, layout_gridlike, pf_hell_entry_great_geh,
          abyss_entry, grunt_dithmenos_smoke_and_mirrors, zin_scriptorium,
          infiniplex_staircase_zigzag_4, uniq_sojobo
Depths:4: grunt_crosshair, layout_long_grid, abyss_entry, hell_entry,
          xom_teletrap_fun, grunt_ministairs_13, uniq_vv
Zot:1:    layout_concentric_octagons
Zot:2:    layout_concentric_octagons
Zot:3:    lemuel_acid_trip, layout_concentric_octagons
Zot:4:    layout_misc_corridors, hellmonk_greenhouse_of_terror,
          grunt_megastairs_5
Zot:5:    layout_gridlike

Skill      XL: |  1  2  3  4  5  6  7  8  9 10 11 12 13 14 15 16 17 18 19 20 21 22 23 24 25 26 |
---------------+-------------------------------------------------------------------------------+-----
Fighting       | 1 2 3 4 5 7 8 10 11 13 14 15 16 18 19 20 22 | 22.5
Summonings     | 4 5 6 7 9 10 11 12 13 14 16 19 20 21 22 | 22.7
Spellcasting   | 3 4 5 6 8 9 10 11 13 14 15 | 15.0
Hexes          | 1 2 3 4 5 6 7 8 |  8.4
Air Magic      | 2 3 7 |  7.3
Stealth        | 5 |  5.3
Dodging        | 4 6 7 8 9 11 12 14 16 17 | 17.7
Shields        | 4 5 7 9 11 12 13 15 | 15.3
Necromancy     | 2 5 7 |  7.2
Shapeshifting  | 2 |  2.4
Evocations     | 1 2 |  2.1
Transmutations | 5 |  5.7
Armour         | 6 |  6.4
Fire Magic     | 6 7 |  7.0
Staves         | 9 |  9.5

Action                     |  1- 3 |  4- 6 |  7- 9 | 10-12 | 13-15 | 16-18 | 19-21 | 22-24 | 25-27 || total
---------------------------+-------+-------+-------+-------+-------+-------+-------+-------+-------++-------
  Melee: Unarmed           |     4 |       |       |       |       |       |       |       |       ||     4
         Staff             |     3 |    50 |    14 |       |       |       |    85 |   238 |    70 ||   460
         Whip              |       |       |    54 |   122 |   322 |   456 |   264 |       |       ||  1218
         Punch             |       |       |     2 |       |       |       |       |       |       ||     2
   Fire: Sling             |    48 |       |       |       |       |       |       |       |       ||    48
   Cast: Summon Small Mamm |    16 |    15 |    24 |       |       |       |       |       |       ||    55
         Call Imp          |     9 |    24 |    37 |    26 |     6 |       |       |       |       ||   102
         Call Canine Famil |       |     1 |    46 |    52 |    38 |       |       |       |       ||   137
         Summon Guardian G |       |       |    21 |    37 |    23 |       |       |       |       ||    81
         Summon Lightning  |       |       |     9 |    51 |    48 |    15 |     1 |       |     1 ||   125
         Summon Mana Viper |       |       |       |    30 |    65 |     1 |       |       |       ||    96
         Monstrous Menager |       |       |       |       |   157 |   244 |    25 |    15 |    11 ||   452
         Haunt             |       |       |       |       |     4 |    75 |    28 |    36 |    43 ||   186
         Yara's Violent Un |       |       |       |       |       |    11 |     4 |     1 |       ||    16
         Dragon's Call     |       |       |       |       |       |       |    80 |    64 |    47 ||   191
         Silence           |       |       |       |       |       |       |    10 |     3 |       ||    13
         Anguish           |       |       |       |       |       |       |       |    10 |     3 ||    13
 Invoke: Curse Item        |       |       |     1 |     5 |     3 |     2 |     2 |     2 |       ||    15
         Shatter the Chain |       |       |       |       |       |     1 |     2 |     2 |       ||     5
  Evoke: Wand              |       |       |       |       |     2 |    10 |    14 |     3 |    12 ||    41
         Phial of floods   |       |       |       |       |       |     1 |       |     1 |     1 ||     3
    Use: Scroll            |       |     2 |    11 |     3 |     8 |     6 |     8 |     9 |    10 ||    57
         Potion            |       |       |     2 |       |     1 |     1 |    13 |     9 |    24 ||    50
   Stab: Distracted        |       |     3 |     1 |     4 |     7 |    11 |    13 |     5 |     1 ||    45
         Sleeping          |       |       |     1 |       |     3 |     2 |     2 |       |     1 ||     9
         Paralysed         |       |       |       |       |       |     1 |       |     3 |       ||     4
         Confused          |       |       |       |       |       |     1 |       |       |       ||     1
         Invisible         |       |       |       |       |       |       |     1 |     5 |     1 ||     7
 Armour: Leather armour    |     8 |       |       |       |       |       |       |       |       ||     8
         Robe              |    12 |    41 |    73 |   113 |   308 |   270 |   253 |    55 |       ||  1125
         Troll leather arm |       |       |       |       |       |       |       |   119 |    74 ||   193
  Dodge: Dodged            |    42 |    68 |   109 |   176 |   416 |   342 |   354 |   467 |   278 ||  2252
  Block: Buckler           |       |       |       |       |   146 |    16 |       |       |       ||   162
         Kite shield       |       |       |       |       |       |   665 |   646 |   573 |   237 ||  2121

Table legend: (Time is in decaauts)
 A = Elapsed time spent in this place.
 B = Non-inter-level travel time spent in this place.
 C = Inter-level travel time spent in this place.
 D = Time resting spent in this place.
 E = Time spent auto-exploring this place.
 F = Levels seen in this place.
 G = Mean time per level.
                   A        B        C        D        E       F      G
               +--------+--------+--------+--------+--------+-----+--------+
         Total |  82677 |  76672 |   6005 |   2659 |  59176 |  55 | 1503.2 |
       Dungeon |  21600 |  18359 |   3241 |    315 |  14360 |  15 | 1440.0 |
        Temple |      9 |      6 |      3 |      0 |      0 |   1 |    9.0 |
          Lair |  10390 |   9598 |    792 |    367 |   7868 |   5 | 2078.0 |
        Shoals |   7254 |   6975 |    279 |    144 |   5382 |   4 | 1813.5 |
     Snake Pit |   7613 |   7322 |    291 |    404 |   5476 |   4 | 1903.2 |
  Orcish Mines |   1744 |   1593 |    151 |      0 |   1314 |   2 |  872.0 |
   Elven Halls |   4662 |   4453 |    209 |    331 |   3446 |   3 | 1554.0 |
        Vaults |  11836 |  11509 |    327 |    356 |   9085 |   5 | 2367.2 |
        Depths |   6222 |   5783 |    439 |    198 |   4682 |   4 | 1555.5 |
           Zot |   7440 |   7170 |    270 |    254 |   5198 |   5 | 1488.0 |
         Abyss |    327 |    327 |      0 |      0 |    112 |   2 |  163.5 |
       Ossuary |    940 |    940 |      0 |      0 |    707 |   1 |  940.0 |
        Bailey |    554 |    554 |      0 |      0 |    398 |   1 |  554.0 |
      Ice Cave |    875 |    875 |      0 |    220 |    416 |   1 |  875.0 |
        Wizlab |    375 |    375 |      0 |      0 |    259 |   1 |  375.0 |
      Gauntlet |    827 |    827 |      0 |     70 |    471 |   1 |  827.0 |
               +--------+--------+--------+--------+--------+-----+--------+

Top non-repeatable levels by time:
Vaults:5: 3005 daAuts
  Lair:5: 2746 daAuts
  Lair:3: 2727 daAuts
   Zot:5: 2669 daAuts
    D:10: 2527 daAuts
Vaults:2: 2470 daAuts
Shoals:4: 2382 daAuts
Vaults:1: 2203 daAuts
Depths:2: 2202 daAuts
 Snake:4: 2180 daAuts
Vaults:3: 2168 daAuts
 Snake:3: 2127 daAuts
Vaults:4: 1988 daAuts
 Snake:2: 1950 daAuts
   Elf:3: 1920 daAuts
